 Dungeon Crawl Stone Soup version 0.24-a0-139-geb6712d (webtiles) character file.

Game seed: 16819976176673584533

368 Anon1729 the Sneak (level 6, 0/45 HPs)
             Began as an Octopode Fighter on Mar 2, 2019.
             Was a Believer of Ru.
             Slain by an orc warrior
             ... wielding a +0 halberd
              (18 damage)
             ... on level 5 of the Dungeon.
             The game lasted 00:10:51 (7564 turns).

Anon1729 the Sneak (Octopode Fighter)               Turns: 7564, Time: 00:10:51

Health: 0/45       AC:  1    Str: 23    XL:     6   Next: 69%
Magic:  15/15      EV: 13    Int: 10    God:    Ru [**....]
Gold:   249        SH: 10    Dex: 11    Spells: 5/5 levels left

rFire    . . .     SeeInvis .     - Unarmed
rCold    . . .     Gourm    .   a - +0 shield
rNeg     . . .     Faith    .   (helmet restricted)
rPois    .         Spirit   .   (no amulet)
rElec    .         Reflect  .   d - ring of magical power
rCorr    .         Harm     .   (no ring)
MR       .....                  (no ring)
Stlth    ++++......             (no ring)
HPRegen  0.15/turn              (no ring)
MPRegen  0.14/turn              (no ring)
                                (no ring)
                                (no ring)

@: mighty, flying, studying Poison Magic
A: almost no armour, stealthy swim, amphibious, 8 rings, constrict 8, camouflage
1, gelatinous body 1, inexperienced 1
a: Renounce Religion


You were on level 5 of the Dungeon.
You worshipped Ru.
Ru was pleased with you.
You were hungry.

You visited 2 branches of the dungeon, and saw 6 of its levels.
You also visited: Sewer.

You collected 249 gold pieces.

Inventory:

Hand Weapons
 k - a +2 dagger of protection
 v - a +0 blowgun
Missiles
 w - 42 poisoned needles
Armour
 a - a +0 shield (worn)
Jewellery
 d - a ring of magical power (left tentacle)
Scrolls
 e - 4 scrolls of fear {unknown}
 g - 2 scrolls of noise
 i - 2 scrolls of blinking
 j - 5 scrolls of remove curse
 m - a scroll of amnesia
 o - 3 scrolls of enchant weapon
 p - a scroll of teleportation
 s - 2 scrolls of immolation {unknown}
Potions
 b - 3 potions of might
 f - 3 potions of magic
 h - 3 potions of mutation {unknown}
 l - 2 potions of heal wounds {unknown}
 n - 6 potions of curing
 r - a potion of cancellation {unknown}
 t - 2 potions of agility {unknown}
 u - 5 potions of flight
 x - 2 potions of brilliance {unknown}
Books
 y - a manual of Poison Magic
Comestibles
 c - 8 rations


   Skills:
 + Level 5.2 Fighting
 + Level 5.4 Dodging
 + Level 6.1 Stealth
 + Level 5.2 Shields
 + Level 4.8 Unarmed Combat


You had 5 spell levels left.
You didn't know any spells.
Your spell library contained the following spells:

 Spells                   Type           Power        Failure   Level  Hunger
 Flame Tongue             Conj/Fire      #....        80%         1    ##.....
 Magic Dart               Conj           #...         80%         1    ##.....
 Blink                    Tloc           N/A          90%         2    ###....
 Call Imp                 Summ           #.......     90%         2    ###....
 Slow                     Hex            #.......     90%         2    ###....
 Conjure Flame            Conj/Fire      #.......     99%         3    ####...
 Mephitic Cloud           Conj/Pois/Air  #.......     99%         3    ####...


Dungeon Overview and Level Annotations

Branches:
Dungeon (5/15)             Temple (1/1) D:4

Altars:
Cheibriados
Dithmenos
Elyvilon
Fedhas
Gozag
Hepliaklqana
Kikubaaqudgha
Makhleb
Nemelex Xobeh
Qazlal
Ru
Sif Muna
Trog
Uskayaw
Vehumet
Wu Jian
Xom
Yredelemnul
Zin


Innate Abilities, Weirdness & Mutations

You cannot wear most types of armour.
You are very stealthy in the water. (Stealth+)
You are amphibious.
You can wear up to eight rings at the same time.
You can use your tentacles to constrict eight enemies at once.
Your skin changes colour to match your surroundings (Stealth+).
Your rubbery body absorbs attacks. (AC +1, EV +1)
You are somewhat inexperienced. (-2 XL)


Message History

The orc wizard flickers and vanishes!
Deactivating autopickup; reactivate with Ctrl-A.
You block the orc warrior's attack.
The orc warrior curses loudly.
You are confused.
You redirect the orc warrior's attack!
The orc warrior completely misses itself.
It was a potion of flight.
You feel very buoyant.
You fly up into the air.
The orc warrior closely misses you.
It was a potion of curing.
You feel better.
Okay, then.
You feel very mighty all of a sudden.
The orc warrior hits you with a +0 halberd.
Something hits you.
You tentacle-slap the orc warrior. You grab the orc warrior.
The orc warrior is lightly wounded.
You constrict the orc warrior, but do no damage.
The orc warrior hits you with a +0 halberd!!
You die...

#o)o...# ##)####.# ##...###.####
#8.o.8##....# ###########
##.....##....# #.......#..
#.......#....# #.......#..
#.8...8.#....# #.......#..
#.......#..oo# #.......#..
#.......#..@.# #.......#..
#.8...8.#....# #.......#..
#.......#....# #.......#..
######.......#....#######'#####..
.....#.8...8.#####...........##..
.....#.......#.....#.......).#...
.....# #.....#.........#...
.....# #.....'.........'...
.....# #.....#.........#...


You could see an orc warrior and an orc.

Vanquished Creatures
  2 ogres (D:5)
  A centaur (D:5)
  A big kobold (D:4)
  A bullfrog (D:4)
  2 scorpions (D:4)
  A jelly (D:5)
  A crimson imp (D:5)
  A bullfrog zombie (D:5)
  A hound (D:4)
  3 orc priests (D:4)
  Ijyb (D:3)
  5 orc wizards
  3 worker ants
  8 adders
  A river rat (D:3)
  3 oozes (Sewer)
  5 worms
  A dart slug (D:3)
  6 leopard geckos
  21 orcs
  8 giant cockroaches
  7 hobgoblins
  10 jackals
  21 kobolds
  2 quokkas
  5 ball pythons
  9 bats
  7 frilled lizards
  A giant cockroach zombie (D:5)
  8 goblins
  2 quokka skeletons (D:5)
  6 rats
154 creatures vanquished.

Vanquished Creatures (collateral kills)
  An orc (D:5)
1 creature vanquished.

Vanquished Creatures (others)
  A jelly (D:5)
1 creature vanquished.

Grand Total: 156 creatures vanquished

Notes
Turn   | Place    | Note
-------+----------+-------------------------------------------
     0 | D:1      | Anon1729 the Octopode Fighter began the quest for the Orb.
     0 | D:1      | Reached XP level 1. HP: 16/16 MP: 1/1
    53 | D:1      | Reached XP level 2. HP: 12/21 MP: 2/2
    65 | D:1      | Reached skill level 1 in Stealth
   472 | D:1      | Reached XP level 3. HP: 22/26 MP: 3/3
  1368 | D:2      | Reached skill level 2 in Stealth
  1580 | D:2      | Reached XP level 4. HP: 15/31 MP: 4/4
  2196 | D:2      | Found a burning altar of Makhleb.
  2269 | D:3      | Found a sparkling altar of Nemelex Xobeh.
  2308 | D:3      | Noticed Ijyb
  2338 | D:3      | Killed Ijyb
  2384 | D:3      | Reached XP level 5. HP: 27/36 MP: 5/5
  2585 | D:3      | Reached skill level 3 in Stealth
  2686 | D:3      | Found a glowing drain.
  2694 | Sewer    | Entered a sewer
  3391 | D:4      | Reached XP level 6. HP: 36/43 MP: 6/6
  3608 | D:4      | Found a white marble altar of Elyvilon.
  3632 | D:4      | Found a staircase to the Ecumenical Temple.
  3679 | Temple   | Entered the Ecumenical Temple
  4313 | D:4      | Found a deep blue altar of Sif Muna.
  4316 | D:4      | Reached skill level 4 in Stealth
  4368 | D:4      | Identified Sif Muna's Guide on Ignition
  4602 | D:4      | Found a sacrificial altar of Ru.
  4610 | D:4      | Became a worshipper of Ru the Awakened
  4617 | D:4      | Reached XP level 7. HP: 42/48 MP: 7/7
  5061 | D:4      | Noticed a yak
  5082 | D:5      | Entered Level 5 of the Dungeon
  5591 | D:5      | Reached skill level 5 in Stealth
  6270 | D:4      | Reached skill level 5 in Dodging
  6270 | D:4      | Reached XP level 8. HP: 23/54 MP: 8/8
  6774 | D:4      | Reached skill level 5 in Fighting
  7033 | D:5      | Reached skill level 5 in Shields
  7203 | D:5      | Reached skill level 6 in Stealth
  7269 | D:5      | Gained mutation: You are somewhat inexperienced. (-2 XL)
                  | [Ru sacrifice]
  7269 | D:5      | Reached XP level 7. HP: 50/50 MP: 16/16
  7269 | D:5      | Reached XP level 6. HP: 45/45 MP: 15/15
  7269 | D:5      | Reached * piety under Ru
  7269 | D:5      | Reached ** piety under Ru
  7328 | D:5      | Found a runed translucent door.
  7532 | D:5      | Noticed an orc warrior
  7564 | D:5      | Slain by an orc warrior

Levels and vault maps discovered:
D:1:      lemuel_arrival_broad_hall, layout_basic
D:2:      layout_basic, lightli_temple_of_fire
D:3:      layout_loops_ring, gup_sewer_entry_bubbles,
          nemelex_diamond_rough_becter, uniq_ijyb
D:4:      layout_loops_corners, nicolae_ru_sacrificial_ziggurat,
          old_standard_altar, led_sif_book, minmay_temple_entry_sparse_star,
          minmay_manual_moon
D:5:      layout_gridville, first_ration, lightli_church_of_beogh
Temple:   minmay_temple_curvy_branch
Sewer:    kennysheep_pipe_town

Skill      XL: |  1  2  3  4  5  6  7  8 |
---------------+-------------------------+-----
Stealth        | 1 2 3 4 5 6 |  6.1
Unarmed Combat | 3 4 |  4.8
Dodging        | 4 5 |  5.4
Fighting       | 4 5 |  5.2
Shields        | 4 5 |  5.2

Action                   |  1- 3 |  4- 6 |  7- 9 || total
-------------------------+-------+-------+-------++-------
Melee: Unarmed           |   115 |   197 |   104 ||   416
       Constrict         |    30 |    48 |    20 ||    98
       Tentacles         |    21 |    41 |    29 ||    91
       Punch             |     1 |     8 |     3 ||    12
Invok: Sacrifice Experie |       |     1 |       ||     1
Evoke: Wand              |       |       |     3 ||     3
  Use: Scroll            |       |     7 |       ||     7
       Potion            |       |     3 |       ||     3
 Stab: Sleeping          |    12 |    17 |     7 ||    36
       Distracted        |     2 |     1 |       ||     3
  Eat: Chunk             |     2 |    10 |     5 ||    17
       Ration            |       |       |     1 ||     1
Armor: Skin              |     7 |     6 |     4 ||    17
Dodge: Dodged            |    53 |    82 |    36 ||   171
Block: Shield            |    59 |    71 |    41 ||   171

Table legend:
 A = Non-vault XP
 B = Vault XP
 C = Vault XP percentage of total XP
 D = Non-vault monster count
 E = Vault monster count
 F = Vault count percentage of total count
                 A         B        C        D         E       F
            +---------+---------+-------+---------+---------+-------
      Total |    1293 |     457 |  26.1 |     108 |      48 |  30.8
            +---------+---------+-------+---------+---------+-------
        D:1 |      46 |       0 |   0.0 |      28 |       0 |   0.0
        D:2 |      68 |       0 |   0.0 |      19 |       0 |   0.0
        D:3 |      76 |      71 |  48.3 |      22 |       7 |  24.1
        D:4 |     496 |     260 |  34.4 |      23 |       5 |  17.9
        D:5 |     607 |      73 |  10.7 |      16 |      12 |  42.9
      Sewer |       0 |      53 | 100.0 |       0 |      24 | 100.0
            +---------+---------+-------+---------+---------+-------
